 Dungeon Sprint DCSS version 0.31-a0-620-gd1cbd99268 (webtiles) character file.

Game seed: 12223697583108813773

3015 Maratek the Fighter (level 9, -11/81 HPs)
             Began as a White Draconian Fighter on Aug 23, 2023.
             Was a Follower of Hepliaklqana.
             Shot with an arrow by a centaur warrior (16 damage)
             ... in the Dungeon (Sprint IX: "|||||||||||||||||||||||||||||").
             The game lasted 00:03:57 (1045 turns).

Maratek the Fighter (White Draconian Fighter)       Turns: 1045, Time: 00:03:57

Health: -11/81     AC:  9    Str: 22    XL:     9   Next: 55%
Magic:  9/9        EV: 17    Int: 12    God:    Hepliaklqana [*.....]
Gold:   0          SH:  6    Dex: 11    Spells: 8/8 levels left

rFire   . . .        j - +3 war axe (freeze)
rCold   + . .        b - +0 buckler
rNeg    . . .        (body armour unavailable)
rPois   .            (helmet restricted)
rElec   .            l - +0 cloak
rCorr   .            k - +0 pair of gloves
SInv    .            (no boots)
Will    .....        (no amulet)
Stlth   +++          m - +2 ring of evasion
HPRegen 0.33/turn    n - +3 ring of intelligence
MPRegen 0.11/turn

%: no teleportation
@: short of breath
A: reduced essence, breathe frost, AC +7, unfitting armour, cold resistance 1,
cold-blooded
a: Breathe Frost, Renounce Religion, Recall Ancestor, Ancestor Identity


You were in the Dungeon.
You worshipped Hepliaklqana.
Hepliaklqana was aware of your devotion.
You visited 1 branch

Inventory:

Hand Weapons
 a - a +0 war axe
 j - a +3 war axe of freezing (weapon)
Armour
 b - a +0 buckler (worn)
 k - a +0 pair of gloves (worn)
 l - a +0 cloak (worn)
Jewellery
 m - a +2 ring of evasion (left hand)
 n - a +3 ring of intelligence (right hand)
Wands
 h - a wand of quicksilver (7)
Scrolls
 f - 2 scrolls of amnesia
 i - 2 scrolls of blinking
Potions
 g - 4 potions of magic


   Skills:
 + Level 12.0 Fighting
 + Level 12.0 Axes
 + Level 10.8 Dodging
 + Level 5.2 Stealth
 + Level 10.2 Shields
 + Level 1.3 Evocations


You had 8 spell levels left.
You didn't know any spells.
Your spell library was empty.

Dungeon Overview and Level Annotations

Branches:
Dungeon (1/1)

Altars:
Cheibriados
Dithmenos
Elyvilon
Fedhas
Gozag
Hepliaklqana
Kikubaaqudgha
Makhleb
Nemelex Xobeh
Okawaru
Qazlal
Ru
Sif Muna
Trog
Uskayaw
Vehumet
Wu Jian
Xom
Yredelemnul
Zin
The Shining One
Jiyva
Lugonu


Innate Abilities, Weirdness & Mutations

Your life essence is reduced to manifest your ancestor. (-10% HP)
You can breathe waves of freezing cold which knock back foes.
Your icy white scales are hard. (AC +7)
You cannot fit into any form of body armour.
Your flesh is cold resistant. (rC+)
You are cold-blooded and may be slowed by cold attacks.


Message History

The centaur warrior is knocked back by the freezing wind.
The freezing breath hits the centaur warrior!
The centaur warrior is moderately wounded.
The centaur warrior is knocked back by the freezing wind.
The centaur warrior wields a +0 shortbow.
The centaur warrior shoots an arrow.
The arrow completely misses you.
The arrow hits Octavia!!
The centaur warrior shoots an arrow.
The arrow hits you!
The centaur warrior shoots an arrow.
The arrow hits you!
You see here a +1 chain mail.
The centaur warrior unwields a +0 shortbow.
The centaur warrior misses you.
The centaur warrior kicks you but does no damage.
You hit the centaur warrior but do no damage.
The centaur warrior is moderately wounded.
The centaur warrior hits you.
The centaur warrior closely misses you. x2
The centaur warrior misses you.
You hit the centaur warrior. You freeze the centaur warrior.
The centaur warrior is heavily wounded.
The centaur warrior hits you!
* * * LOW HITPOINT WARNING * * *
The centaur warrior misses you.
You hit the centaur warrior but do no damage.
The centaur warrior is heavily wounded.
The centaur warrior hits you.
* * * LOW HITPOINT WARNING * * *
The centaur warrior barely misses you. The centaur warrior hits you!
* * * LOW HITPOINT WARNING * * *
The centaur warrior kicks you.
* * * LOW HITPOINT WARNING * * *
You swap places.
The centaur warrior hits Octavia.
The centaur warrior closely misses Octavia.
Octavia hits the centaur warrior.
You see here a +1 chain mail.
The centaur warrior wields a +0 shortbow.
The centaur warrior shoots an arrow.
The arrow hits Octavia!
Octavia is destroyed!
The centaur warrior shoots an arrow.
You block the arrow.
The centaur warrior shoots an arrow.
The arrow hits you!
You die...

▓_▓
▓_▓
▓_▓
▓_▓
▓'▓
▓.▓
▓.▓
▓)▓
▓@▓
▓.▓
▓.▓
▓[▓
▓c▓
▓.▓
▓'▓
▓)▓
▓)▓


You could see a centaur warrior.

Vanquished Creatures
  2 two-headed ogres (D)
  A glowing orange brain (shapeshifter) (D)
  An ugly thing (D)
  2 cyclopes (D)
  A vampire (D)
  2 kobold brigands (D)
  A scorpion (D)
  A howler monkey (D)
  A hound (D)
  2 orcs (D)
  A ball python (D)
  A bat (D)
  A giant cockroach (D)
  A hobgoblin (D)
  2 quokkas (D)
20 creatures vanquished.

Vanquished Creatures (others)
  A centaur (D)
  3 ancestors (D)
4 creatures vanquished.

Grand Total: 24 creatures vanquished

Notes
Turn   | Place    | Note
-------+----------+-------------------------------------------
     0 | D        | Maratek the Draconian Fighter began the quest for the Orb.
     0 | D        | Reached XP level 1. HP: 19/19 MP: 1/1
    23 | D        | Noticed a scorpion
    23 | D        | Noticed a hound
    31 | D        | Reached XP level 2. HP: 13/27 MP: 2/2
    35 | D        | Killed a scorpion
    36 | D        | Reached skill level 5 in Fighting
    36 | D        | Reached skill level 5 in Dodging
    36 | D        | Reached XP level 3. HP: 18/36 MP: 3/3
    36 | D        | Reached XP level 4. HP: 21/42 MP: 4/4
    39 | D        | Reached skill level 5 in Shields
   165 | D        | Found a snail-covered altar of Cheibriados.
   165 | D        | Found a shadowy altar of Dithmenos.
   165 | D        | Found a white marble altar of Elyvilon.
   165 | D        | Found a blossoming altar of Fedhas.
   165 | D        | Found an opulent altar of Gozag.
   166 | D        | Found a hazy altar of Hepliaklqana.
   167 | D        | Found a viscous altar of Jiyva.
   168 | D        | Found an ancient bone altar of Kikubaaqudgha.
   169 | D        | Found a corrupted altar of Lugonu.
   170 | D        | Found a burning altar of Makhleb.
   171 | D        | Found a sparkling altar of Nemelex Xobeh.
   172 | D        | Found an iron altar of Okawaru.
   173 | D        | Found a stormy altar of Qazlal.
   174 | D        | Became a worshipper of Hepliaklqana the Forgotten
   175 | D        | Found a sacrificial altar of Ru.
   176 | D        | Found a shimmering blue altar of Sif Muna.
   177 | D        | Found a bloodstained altar of Trog.
   178 | D        | Found a hide-covered altar of Uskayaw.
   179 | D        | Found a radiant altar of Vehumet.
   180 | D        | Found an ornate altar of the Wu Jian Council.
   181 | D        | Found a shimmering altar of Xom.
   182 | D        | Found a basalt altar of Yredelemnul.
   183 | D        | Found a glowing silver altar of Zin.
   184 | D        | Found a glowing golden altar of the Shining One.
   327 | D        | Noticed a two-headed ogre
   327 | D        | Noticed a centaur
   327 | D        | Noticed a two-headed ogre
   327 | D        | Noticed a kobold brigand
   327 | D        | Noticed a vampire
   327 | D        | Noticed a kobold brigand
   336 | D        | Killed a two-headed ogre
   337 | D        | Reached XP level 5. HP: 22/57 MP: 5/5
   337 | D        | Reached XP level 6. HP: 25/64 MP: 6/6
   337 | D        | Your scales start taking on an icy white colour.
   337 | D        | Reached XP level 7. HP: 27/70 MP: 7/7
   337 | D        | Gained mutation: Your flesh is cold resistant. (rC+) [White
                  | Draconian growth]
   342 | D        | Killed a two-headed ogre
   343 | D        | Reached skill level 10 in Fighting
   343 | D        | Reached XP level 8. HP: 28/79 MP: 8/8
   697 | D        | Reached * piety under Hepliaklqana
   697 | D        | Noticed a cyan ugly thing
   697 | D        | Noticed a cyclops
   697 | D        | Noticed a guardian serpent
   697 | D        | Noticed a cyclops
   697 | D        | Noticed a centaur warrior
   729 | D        | Killed a cyan ugly thing
   730 | D        | Reached skill level 10 in Axes
   730 | D        | Reached skill level 10 in Dodging
   806 | D        | Killed a cyclops
   807 | D        | Reached XP level 9. HP: 31/80 MP: 9/9
   964 | D        | Noticed a glowing orange brain
   973 | D        | Killed a glowing orange brain
   974 | D        | Reached skill level 10 in Shields
   974 | D        | Reached skill level 1 in Evocations
  1005 | D        | Killed a cyclops
  1006 | D        | Reached skill level 5 in Stealth
  1041 | D        | HP: 4/81 [centaur warrior (3)]
  1045 | D        | Shot with an arrow by a centaur warrior

Illustrated notes

Levels and vault maps discovered:
D:        linesprint [early_d, line_temple, items_1, d_10, items_2, lair_1,
          lair_end, items_3, orc_1, orc_end, items_4, d_15, swamp_1, shoals_1,
          snake_1, spider_1, d_20, vaults_1, items_5, swamp_end, shoals_end,
          snake_end, spider_end, vaults_end, d_27, items_6, zot_1, zot_end,
          crypt_end, forest_end, elf_end, slime_end, tomb_end, abyss_end,
          pan_hell_end]

Skill      XL: |  1  2  3  4  5  6  7  8  9 |
---------------+----------------------------+-----
Dodging        | 3 5 8 9 10 | 10.8
Fighting       | 5 9 10 11 12 | 12.0
Axes           | 3 7 8 10 12 | 12.0
Shields        | 4 8 9 10 | 10.2
Stealth        | 2 3 4 5 |  5.2
Evocations     | 1 |  1.3

Action                     |  1- 3 |  4- 6 |  7- 9 || total
---------------------------+-------+-------+-------++-------
  Melee: War axe           |    21 |    14 |    48 ||    83
         Tailslap          |     2 |     3 |     7 ||    12
Ability: Breathe Frost     |       |       |     5 ||     5
  Evoke: Wand              |       |       |     3 ||     3
    Use: Potion            |     4 |     1 |     7 ||    12
   Stab: Sleeping          |       |     1 |       ||     1
         Invisible         |       |       |     2 ||     2
 Armour: Skin              |     7 |       |    11 ||    18
  Dodge: Dodged            |    11 |    16 |    38 ||    65
  Block: Buckler           |     7 |     1 |    11 ||    19

Table legend: (Time is in decaauts)
 A = Elapsed time spent in this place.
 B = Non-inter-level travel time spent in this place.
 C = Inter-level travel time spent in this place.
 D = Time resting spent in this place.
 E = Time spent auto-exploring this place.
 F = Levels seen in this place.
 G = Mean time per level.
                   A        B        C        D        E       F      G
               +--------+--------+--------+--------+--------+-----+--------+
         Total |   1047 |   1047 |      0 |    614 |      4 |   1 | 1047.0 |
       Dungeon |   1047 |   1047 |      0 |    614 |      4 |   1 | 1047.0 |
               +--------+--------+--------+--------+--------+-----+--------+

Top non-repeatable levels by time:
       D: 1047 daAuts
